 Dungeon Crawl Stone Soup version 0.23-a0-650-ga4d50d4 (console) character file.

8 Duffy the Firebug (level 2, 13/19 HPs)
             Began as a Demonspawn Fire Elementalist on Jan 4, 2019.
             Quit the game on level 1 of the Dungeon.
             The game lasted 00:00:22 (649 turns).

Duffy the Firebug (Demonspawn Fire Elementalist)     Turns: 649, Time: 00:00:23

Health: 13/19      AC:  2    Str:  8    XL:     2   Next: 0%
Magic:  0/5        EV: 12    Int: 16    God:
Gold:   25         SH:  0    Dex: 13    Spells: 4/5 levels left

rFire    . . .     SeeInvis .   b - +0 dagger
rCold    . . .     Gourm    .   (no shield)
rNeg     . . .     Faith    .   a - +0 robe
rPois    .         Spirit   .   (no helmet)
rElec    .         Reflect  .   (no cloak)
rCorr    .         Harm     .   (no gloves)
MR       .....                  (no boots)
Stlth    ++........             (no amulet)
HPRegen  0.06/turn              (no ring)
MPRegen  0.09/turn              (no ring)

@: no status effects
A: hooves 1
a: no special abilities


You were on level 1 of the Dungeon.
You were not hungry.

You visited 1 branch of the dungeon, and saw 1 of its levels.

You collected 25 gold pieces.

Inventory:

Hand Weapons
 b - a +0 dagger (weapon)
Armour
 a - a +0 robe (worn)
Comestibles
 c - a ration


   Skills:
 - Level 1.7 Dodging
 - Level 1.7 Stealth
 + Level 2.2 Spellcasting
 + Level 1.4 Conjurations
 + Level 2.9 Fire Magic


You had 4 spell levels left.
You knew the following spells:

 Your Spells              Type           Power        Failure   Level  Hunger
h - Flame Tongue          Conj/Fire      #....        9%          1    #......

Your spell library contained the following spells:

 Spells                   Type           Power        Failure   Level  Hunger
 Throw Flame              Conj/Fire      #.....       13%         2    ###....
 Conjure Flame            Conj/Fire      #.......     26%         3    ###....
 Inner Flame              Hex/Fire       #.......     32%         3    ###....
 Sticky Flame             Conj/Fire      #.......     63%         4    #####..
 Fireball                 Conj/Fire      #.........   93%         5    ######.


Dungeon Overview and Level Annotations

Branches:
Dungeon (1/15)

Altars:


Innate Abilities, Weirdness & Mutations

You have large cloven feet.


Message History

Aiming: Flame Tongue (safe; 9% risk of failure)
Press: ? - help, Shift-Dir - straight line, f/p - hobgoblin
Aim: a hobgoblin, wielding a +0 club (almost dead)
The flame tongue hits the hobgoblin.
You kill the hobgoblin!
You have reached level 2!
Your demonic ancestry asserts itself...
Your feet thicken and deform.
The kobold shouts!
Things that are here:
a +0 club; a hobgoblin corpse You closely miss the kobold.
The kobold hits you with a +0 dagger.
You barely miss the kobold. The kobold hits you with a +0 dagger.
You closely miss the kobold. The kobold hits you with a +0 dagger.
You barely miss the kobold. The kobold hits you but does no damage.
Casting: Flame Tongue (safe; 9% risk of failure)
Confirm with . or Enter, or press ? or * to list all spells.
You don't have enough magic to cast that spell.
You barely miss the kobold. The kobold misses you.
Are you sure you want to abandon this character and quit the game? (Confirm

##########....##.#
#...........+..#
#.#.........####
#.#.........#
#.###########
#.......#
#######.# #.# #@#
#K# #.# #.. ###


You could see a kobold.

Vanquished Creatures
  2 goblins (D:1)
  2 hobgoblins (D:1)
  A kobold (D:1)
  2 rats (D:1)
7 creatures vanquished.

Notes
Turn   | Place    | Note
-------+----------+-------------------------------------------
     0 | D:1      | Duffy the Demonspawn Fire Elementalist began the quest for
                  | the Orb.
     0 | D:1      | Reached XP level 1. HP: 13/13 MP: 3/3
   642 | D:1      | Gained mutation: You have large cloven feet. [demonic
                  | ancestry]
   642 | D:1      | Reached XP level 2. HP: 19/19 MP: 0/5
   649 | D:1      | Quit the game

Vault maps used:
D:1:      erik_arrival_gehennom, wander_ebering_terrifying_dragon_lair

Action                   || total
-------------------------++-------
Melee: Dagger            ||    22
 Cast: Flame Tongue      ||    10
Armor: Robe              ||     3
Dodge: Dodged            ||    19

Table legend:
 A = Non-vault XP
 B = Vault XP
 C = Vault XP percentage of total XP
 D = Non-vault monster count
 E = Vault monster count
 F = Vault count percentage of total count
                 A         B        C        D         E       F
            +---------+---------+-------+---------+---------+-------
      Total |       7 |       5 |  41.7 |       4 |       3 |  42.9
            +---------+---------+-------+---------+---------+-------
        D:1 |       7 |       5 |  41.7 |       4 |       3 |  42.9
            +---------+---------+-------+---------+---------+-------
